 Dungeon Crawl Stone Soup version 0.26-a0-1101-g8f9f7f7418 (webtiles) character file.

Game seed: 1072826421357622245

203 tilp the Changer (level 5, 0/34 HPs)
             Began as an Octopode Transmuter on Dec 15, 2020.
             Slain by a kobold (2 damage)
             ... on level 3 of the Dungeon.
             The game lasted 00:04:46 (4161 turns).

tilp the Changer (Octopode Transmuter)              Turns: 4161, Time: 00:04:47

Health: 0/34       AC:  1    Str: 10    XL:     5   Next: 81%
Magic:  8/8        EV: 13    Int: 16    God:
Gold:   139        SH:  4    Dex: 12    Spells: 5/8 levels left

rFire    . . .     SeeInvis .     - Unarmed
rCold    . . .     Faith    .   g - +0 buckler
rNeg     . . .     Spirit   .   (helmet restricted)
rPois    .         Reflect  .   (no amulet)
rElec    .         Harm     .   (no ring)
rCorr    .         Rampage  .   (no ring)
Will     .....                  (no ring)
Stlth    +++.......             (no ring)
HPRegen  0.11/turn              (no ring)
MPRegen  0.11/turn              (no ring)
                                (no ring)
                                (no ring)

@: slowed, very slow
A: almost no armour, stealthy swim, amphibious, 8 rings, constrict 8, camouflage
1, gelatinous body 1
a: no special abilities


You were on level 3 of the Dungeon.
You visited 1 branch of the dungeon, and saw 3 of its levels.

You collected 139 gold pieces.

Inventory:

Missiles
 b - 129 stones
Armour
 g - a +0 buckler (worn)
Scrolls
 c - a scroll of immolation {unknown}
 d - a scroll of enchant armour {unknown}
 e - a scroll of amnesia {unknown}
 f - a scroll of remove curse
 i - a scroll of noise {unknown}
 l - a scroll of blinking {unknown}
 m - a scroll of teleportation {unknown}
Potions
 a - a potion of brilliance
 h - 2 potions of attraction
 j - a potion of might {unknown}
 k - a potion of lignification {unknown}


   Skills:
 - Level 2.0 Fighting
 - Level 2.0 Dodging
 + Level 2.9 Stealth
 + Level 1.8 Shields
 + Level 3.7 Unarmed Combat
 - Level 2.0 Spellcasting
 - Level 4.0 Transmutations


You had 5 spell levels left.
You knew the following spells:

 Your Spells              Type           Power        Failure   Level
a - Beastly Appendage     Tmut           ##....       5%          1
b - Wereblood             Tmut           ##......     8%          2

Your spell library contained the following spells:

 Spells                   Type           Power        Failure   Level
 Spider Form              Tmut/Pois      #.........   34%         3
 Ice Form                 Ice/Tmut       #.......     75%         4
 Blade Hands              Tmut           ##........   82%         5


Dungeon Overview and Level Annotations

Branches:
Dungeon (3/15)

Altars:


Innate Abilities, Weirdness & Mutations

You cannot wear most types of armour.
You are very stealthy in the water. (Stealth+)
You are amphibious.
You can wear up to eight rings at the same time.
You can use your tentacles to constrict eight enemies at once.
Your skin changes colour to match your surroundings (Stealth+).
Your rubbery body absorbs attacks. (AC +1, EV +1)


Message History

You tentacle-slap the scorpion. Your grab misses the scorpion.
You pierce the scorpion, but do no damage.
The scorpion is moderately wounded.
The kobold misses you. The scorpion barely misses you.
You barely miss the scorpion. You grab the scorpion.
The scorpion is moderately wounded.
You constrict the scorpion, but do no damage.
The kobold hits you.
* * * LOW HITPOINT WARNING * * *
The scorpion stings you.
* * * LOW HITPOINT WARNING * * *
The kobold hits you.
* * * LOW HITPOINT WARNING * * *
You barely miss the scorpion.
You pierce the scorpion, but do no damage.
The scorpion is moderately wounded.
Your tentacle spike disappears.
You constrict the scorpion. You block the scorpion's attack.
The kobold hits you.
You die...

.........
....# #..
#...
...#.....
###.#####++#
#...
.####...# #.
#... #### ##
#.## ###....
# .# #.....
# # #......
# ##.......
#.†......
#@./....#
###sK....##
###.'..#####
#...'..#
#.###...?..
#.# #.......
#.# #.....?.
#.# ##......
#.#####?....


You could see a scorpion and a kobold.

Vanquished Creatures
  An orc priest (D:2)
  Natasha (D:3)
  An orc wizard (D:3)
  2 adders
  A shadow imp (D:2)
  An ooze (D:1)
  2 worms (D:3)
  A dart slug (D:1)
  A leopard gecko (D:1)
  21 orcs
  8 bats
  2 giant cockroaches (D:2)
  4 goblins
  4 hobgoblins
  4 jackals (D:1)
  4 kobolds
  2 ball pythons
  2 frilled lizards
  5 rats
67 creatures vanquished.

Notes
Turn   | Place    | Note
-------+----------+-------------------------------------------
     0 | D:1      | tilp the Octopode Transmuter began the quest for the Orb.
     0 | D:1      | Reached XP level 1. HP: 13/13 MP: 3/3
   272 | D:1      | Reached XP level 2. HP: 13/18 MP: 3/5
   275 | D:1      | Learned a level 2 spell: Wereblood
   454 | D:1      | Reached skill level 3 in Transmutations
   822 | D:1      | Reached XP level 3. HP: 21/23 MP: 4/6
  1083 | D:2      | Found a faded altar of an unknown god.
  1518 | D:2      | Reached skill level 4 in Transmutations
  1542 | D:2      | Reached skill level 1 in Stealth
  1542 | D:2      | Reached XP level 4. HP: 25/28 MP: 5/7
  2687 | D:3      | Reached skill level 1 in Shields
  2813 | D:3      | Reached XP level 5. HP: 14/33 MP: 5/8
  4148 | D:3      | Noticed Natasha
  4153 | D:3      | Killed Natasha
  4161 | D:3      | Slain by a kobold

Illustrated notes

Levels and vault maps discovered:
D:1:      matt_arrival_los_fun, layout_rooms, nrook_mini_vaults
D:2:      cheibrodos_pilgrimage, layout_basic, chequers_ecumenical_altar_island,
          minmay_misc_feat_chi
D:3:      layout_loops_ring, kennysheep_cross_room, minmay_bisected,
          uniq_natasha

Skill      XL: |  1  2  3  4  5 |
---------------+----------------+-----
Transmutations | 3 4 |  4.0
Stealth        | 1 2 |  2.9
Shields        | 1 |  1.8
Fighting       | 2 |  2.0
Dodging        | |  2.0
Unarmed Combat | |  3.7
Spellcasting   | |  2.0

Action                   |  1- 3 |  4- 6 || total
-------------------------+-------+-------++-------
Melee: Unarmed           |    74 |   101 ||   175
       Constrict         |    22 |    35 ||    57
       Kick              |    17 |    27 ||    44
       Tentacles         |     6 |    15 ||    21
       Punch             |     2 |       ||     2
 Cast: Beastly Appendage |    16 |    16 ||    32
       Wereblood         |     1 |     3 ||     4
  Use: Scroll            |     3 |     2 ||     5
       Potion            |       |     1 ||     1
 Stab: Sleeping          |     1 |     4 ||     5
       Distracted        |       |     1 ||     1
Armor: Skin              |    11 |     9 ||    20
Dodge: Dodged            |    56 |    78 ||   134
Block: Buckler           |     2 |    16 ||    18

Table legend: (Time is in decaauts)
 A = Elapsed time spent in this place.
 B = Non-inter-level travel time spent in this place.
 C = Inter-level travel time spent in this place.
 D = Time resting spent in this place.
 E = Time spent auto-exploring this place.
 F = Levels seen in this place.
 G = Mean time per level.
                   A        B        C        D        E       F      G
               +--------+--------+--------+--------+--------+-----+--------+
         Total |   4164 |   3935 |    229 |   1449 |   1945 |   3 | 1388.0 |
       Dungeon |   4164 |   3935 |    229 |   1449 |   1945 |   3 | 1388.0 |
               +--------+--------+--------+--------+--------+-----+--------+

Top non-repeatable levels by time:
     D:2: 2357 daAuts
     D:1: 1047 daAuts
     D:3: 759 daAuts
